 Dungeon Crawl Stone Soup version 0.27-a0-328-g7f782ed93a (webtiles) character file.

Game seed: 496109513845842218

65 wampuh the Ducker (level 3, -3/28 HPs)
             Began as a Demonspawn Gladiator on Feb 12, 2021.
             Slain by a gnoll
             ... wielding a +2 vorpal halberd
              (6 damage)
             ... on level 2 of the Dungeon.
             The game lasted 00:01:05 (1089 turns).

wampuh the Ducker (Demonspawn Gladiator)            Turns: 1089, Time: 00:01:06

Health: -3/28      AC:  5    Str: 14    XL:     3   Next: 92%
Magic:  3/3        EV: 13    Int: 10    God:
Gold:   64         SH:  0    Dex: 14    Spells: 2/2 levels left

rFire    . . .     SeeInvis .   a - +0 rapier
rCold    . . .     Faith    .   (no shield)
rNeg     . . .     Spirit   .   b - +0 leather armour
rPois    .         Reflect  .   c - +0 helmet
rElec    .         Harm     .   i - +0 cloak
rCorr    .         Rampage  .   (no gloves)
Will     .....                  (no boots)
Stlth    ++........             (no amulet)
HPRegen  0.09/turn              (no ring)
MPRegen  0.08/turn              (no ring)

@: no status effects
A: demonic guardian 1
a: no special abilities


You were on level 2 of the Dungeon.
You visited 1 branch of the dungeon, and saw 2 of its levels.

You collected 64 gold pieces.

Inventory:

Hand Weapons
 a - a +0 rapier (weapon)
Missiles
 d - 3 throwing nets (quivered)
Armour
 b - a +0 leather armour (worn)
 c - a +0 helmet (worn)
 i - a +0 cloak (worn)
Scrolls
 g - 5 scrolls of identify {unknown}
 h - a scroll of blinking {unknown}
Potions
 e - 2 potions of heal wounds {unknown}
 f - a potion of attraction {unknown}


   Skills:
 + Level 2.5 Fighting
 + Level 3.1 Short Blades
 - Level 1.7 Throwing
 + Level 3.1 Dodging
 * Level 2.1 Stealth


You had 2 spell levels left.
You didn't know any spells.
Your spell library was empty.

Dungeon Overview and Level Annotations

Branches:
Dungeon (2/15)

Altars:


Innate Abilities, Weirdness & Mutations

A weak demonic guardian rushes to your aid.


Message History

No target in view!
Your shadow imp disappears in a puff of smoke!
Things that are here:
a +0 club; a gnoll corpse You start waiting.
Done waiting.
A gnoll comes into view. It is wielding a +2 vorpal halberd.
A gnoll comes into view. It is wielding a +0 halberd.
A gnoll comes into view.
The helpless gnoll fails to defend itself.
You puncture the gnoll!
You kill the gnoll!
The gnoll closely misses you.
Your Stealth skill increases to level 2!
You closely miss the gnoll. The gnoll closely misses you.
The gnoll hits you from afar with a +2 vorpal halberd.
You hit the gnoll but do no damage. The gnoll closely misses you.
The gnoll barely misses you.
You hit the gnoll.
The gnoll is lightly wounded.
The gnoll closely misses you.
You closely miss the gnoll.
The gnoll is lightly wounded.
The gnoll misses you. The gnoll closely misses you.
You hit the gnoll.
The gnoll is heavily wounded.
The gnoll misses you. The gnoll hits you!
You puncture the gnoll!
You kill the gnoll!
The gnoll barely misses you.
The gnoll hits you with a +2 vorpal halberd!
* * * LOW HITPOINT WARNING * * *
A demonic guardian appears!
* * * LOW HITPOINT WARNING * * *
You are too injured to fight recklessly!
You are too injured to fight recklessly!
You puncture the gnoll!
The gnoll is severely wounded.
The gnoll hits you with a +2 vorpal halberd.
You die...

..# ...# ... #####..
#.....### ...#... ..
#.#g#.###....
#...@)†......
.....###5###### ...
#.....# # #.###.###
#.#.....# # ...
..#..)..# #
....##########.....#
#
............##.....#
#
#...........####†###


You could see a gnoll and a friendly iron imp (summoned).

Vanquished Creatures
  2 gnolls (D:2)
  An ooze (D:1)
  2 dart slugs (D:1)
  2 leopard geckos
  A giant cockroach (D:1)
  3 hobgoblins (D:1)
  5 kobolds
  4 bats (D:1)
  4 frilled lizards
  5 rats
29 creatures vanquished.

Vanquished Creatures (collateral kills)
  A gnoll (D:2)
1 creature vanquished.

Grand Total: 30 creatures vanquished

Notes
Turn   | Place    | Note
-------+----------+-------------------------------------------
     0 | D:1      | wampuh the Demonspawn Gladiator began the quest for the
                  | Orb.
     0 | D:1      | Reached XP level 1. HP: 16/16 MP: 1/1
   103 | D:1      | Gained mutation: A weak demonic guardian rushes to your
                  | aid. [demonic ancestry]
   103 | D:1      | Reached XP level 2. HP: 19/22 MP: 2/2
   107 | D:1      | Reached skill level 1 in Stealth
   516 | D:1      | Reached XP level 3. HP: 28/28 MP: 3/3
  1089 | D:2      | Slain by a gnoll

Illustrated notes

Levels and vault maps discovered:
D:1:      nzn_arrival_crosshair, layout_basic
D:2:      layout_basic, lemuel_crystal_altar, minmay_tromino_i2

Skill      XL: |  1  2  3 |
---------------+----------+-----
Stealth        | 1 2 |  2.1
Dodging        | 3 |  3.1
Short Blades   | 3 |  3.1
Fighting       | |  2.5
Throwing       | |  1.7

Action                   || total
-------------------------++-------
Melee: Rapier            ||    74
 Stab: Sleeping          ||     4
Armor: Leather armour    ||    14
Dodge: Dodged            ||    51

Table legend: (Time is in decaauts)
 A = Elapsed time spent in this place.
 B = Non-inter-level travel time spent in this place.
 C = Inter-level travel time spent in this place.
 D = Time resting spent in this place.
 E = Time spent auto-exploring this place.
 F = Levels seen in this place.
 G = Mean time per level.
                   A        B        C        D        E       F      G
               +--------+--------+--------+--------+--------+-----+--------+
         Total |   1093 |   1021 |     72 |    160 |    696 |   2 |  546.5 |
       Dungeon |   1093 |   1021 |     72 |    160 |    696 |   2 |  546.5 |
               +--------+--------+--------+--------+--------+-----+--------+

Top non-repeatable levels by time:
     D:1: 802 daAuts
     D:2: 290 daAuts
